 Dungeon Crawl Stone Soup version 0.24.0-13-gcf9b3192b9 (webtiles) character file.

Game seed: 11536292544643813683, levelgen mode: classic

191 EnegeticOcto the Digger (level 5, -1/25 HPs)
             Began as a Vine Stalker Earth Elementalist on Nov 9, 2019.
             Slain by an adder (4 damage)
             ... on level 6 of the Dungeon.
             The game lasted 00:07:58 (723 turns).

EnegeticOcto the Digger (VSEE)                       Turns: 723, Time: 00:07:59

Health: -1/25      AC:  3    Str: 11    XL:     5   Next: 70%
Magic:  0/9        EV: 12    Int: 16    God:
Gold:   52         SH:  0    Dex: 14    Spells: 2/8 levels left

rFire    . . .     SeeInvis .   k - +0 dagger (venom)
rCold    . . .     Gourm    .   (no shield)
rNeg     . . .     Faith    .   c - +1 robe
rPois    .         Spirit   +   (no helmet)
rElec    .         Reflect  .   (no cloak)
rCorr    .         Harm     .   (no gloves)
MR       .....                  (no boots)
Stlth    +++.......             (no amulet)
HPRegen  0.48/turn              (no ring)
MPRegen  0.11/turn              (no ring)

@: very slightly contaminated, invisible
A: fangs 2, regeneration 1, magic shield, antimagic bite, no potion heal 3, rot
immunity
a: no special abilities


You were on level 6 of the Dungeon.
You were not hungry.

You visited 1 branch of the dungeon, and saw 6 of its levels.

You collected 52 gold pieces.

Inventory:

Hand Weapons
 k - a +0 dagger of venom (weapon)
Missiles
 b - 33 stones (quivered)
 l - 17 arrows
Armour
 c - a +1 robe (worn)
Scrolls
 f - a scroll of amnesia {unknown}
 g - 2 scrolls of teleportation {unknown}
 j - 2 scrolls of identify {unknown}
 m - a scroll of fear {unknown}
Comestibles
 e - 2 rations


   Skills:
 - Level 1.0 Fighting
 - Level 1.5 Dodging
 - Level 4.0 Stealth
 - Level 2.1 Spellcasting
 - Level 1.0 Transmutations
 + Level 5.5 Earth Magic


You had 2 spell levels left.
You knew the following spells:

 Your Spells              Type           Power        Failure   Level  Hunger
a - Sandblast             Erth           ###...       2%          1    #......
b - Stone Arrow           Conj/Erth      ##....       21%         3    ###....
p - Passwall              Tmut/Erth      ##......     9%          2    ###....

Your spell library contained the following spells:

 Spells                   Type           Power        Failure   Level  Hunger
 Petrify                  Tmut/Erth      ##......     47%         4    #####..
 Lee's Rapid Deconstruct  Erth           ###.......   52%         5    ######.


Dungeon Overview and Level Annotations

Branches:
Dungeon (6/15)
 Temple: D:4-7

Altars:
Nemelex Xobeh
Yredelemnul


Innate Abilities, Weirdness & Mutations

You have extremely sharp teeth.
Your natural rate of healing is unusually fast.
When hurt, damage is shared between your health and your magic reserves.
Your bite disrupts and absorbs the magic of your enemies.
Potions cannot restore your health.
You are immune to rotting.


Message History

A worker ant zombie comes into view.
An iguana comes into view.
The iguana hisses angrily.
You hear a shout!
Casting: Sandblast (safe; 2% risk of failure)
Confirm with . or Enter, or press ? or * to list all spells.
Aiming: Sandblast (safe; 2% risk of failure)
Press: ? - help, Shift-Dir - straight line, f - worker ant zombie
Aim: a worker ant zombie (hasn't noticed you)
The blast of sand hits the worker ant zombie!!
The worker ant zombie is severely damaged.
b - 38 stones
Casting: Sandblast (safe; 2% risk of failure)
Confirm with . or Enter, or press ? or * to list all spells.
Aiming: Sandblast (safe; 2% risk of failure)
Press: ? - help, Shift-Dir - straight line, f/p - worker ant zombie
Aim: a worker ant zombie (severely damaged)
The blast of sand hits the worker ant zombie.
You destroy the worker ant zombie!
b - 37 stones
Casting: Sandblast (safe; 2% risk of failure)
Confirm with . or Enter, or press ? or * to list all spells.
Aiming: Sandblast (safe; 2% risk of failure)
Press: ? - help, Shift-Dir - straight line, f - iguana
Aim: an iguana The blast of sand hits the iguana.
The iguana is moderately wounded.
b - 36 stones
Casting: Sandblast (safe; 2% risk of failure)
Confirm with . or Enter, or press ? or * to list all spells.
Aiming: Sandblast (safe; 2% risk of failure)
Press: ? - help, Shift-Dir - straight line, f/p - iguana
Aim: an iguana (moderately wounded)
The blast of sand hits the iguana!
The iguana is almost dead.
b - 35 stones
Casting: Sandblast (safe; 2% risk of failure)
Confirm with . or Enter, or press ? or * to list all spells.
Aiming: Sandblast (safe; 2% risk of failure)
Press: ? - help, Shift-Dir - straight line, f/p - iguana
Aim: an iguana (almost dead)
The blast of sand hits the iguana.
You kill the iguana!
b - 34 stones A hound comes into view.
The hound barks!
You hear an angry hiss.
An adder comes into view.
The hound bites you but does no damage.
The adder moves out of view.
You hit the hound.
The hound is lightly wounded.
The hound misses you.
A jackal comes into view.
The hound bites you.
You miss the hound.
The jackal barks!
Your bite misses the hound.
The hound is lightly wounded.
A gnoll sergeant comes into view.
It is wielding a +1 trident of piercing.
The hound bites you.
You closely miss the hound.
The hound is lightly wounded.
The hound bites you.
A gnoll comes into view.
The hound bites you.
Okay, then.
It was a potion of invisibility.
You fade into invisibility!
The hound bites you.
* * * LOW HITPOINT WARNING * * *
You are very lightly contaminated with residual magic.
Casting: Sandblast (safe; 2% risk of failure)
Confirm with . or Enter, or press ? or * to list all spells.
Aiming: Sandblast (safe; 2% risk of failure)
Press: ? - help, Shift-Dir - straight line, f - hound
Aim: a hound (lightly wounded)
The blast of sand hits the hound!
The hound is heavily wounded.
b - 33 stones The gnoll shouts!
You hear a shout!
The hound closely misses you. The adder bites you.
* * * LOW HITPOINT WARNING * * *
You are poisoned.
The adder poisons you! The jackal bites you.
* * * LOW HITPOINT WARNING * * *
The hound bites you.
* * * LOW HITPOINT WARNING * * *
Your system rejects the healing.
You feel better. The jackal barely misses you.
The adder bites you but does no damage. The hound bites you but does no damage.
Unknown command.
As you read the scroll labeled BAACEUCIZU, it crumbles to dust.
You smell rotten potatoes.
It was a scroll of random uselessness.
The jackal barely misses you. The adder barely misses you. The hound bites you.
* * * LOW HITPOINT WARNING * * *
The jackal closely misses you. The adder barely misses you.
The hound barely misses you.
As you read the scroll labeled GEASHA DOLU, it crumbles to dust.
It is a scroll of enchant armour.
Your +0 robe glows green for a moment.
The gnoll sergeant barely misses you. The jackal closely misses you.
The hound closely misses you. The adder bites you.
You die...

#....##............. #
##...##............
###..................
.#..........##....### #.
##..................#...
#........##.............
.....#....#..........g..
.#..##..<.####..h.......
###.###..## #..@Sg#... #
### #### #≈§.h..#
##≈##..# #≈. .... #≈.
.#... #≈. ##....# +.
.... #...


You could see a gnoll sergeant, a hound, a gnoll, an adder and a jackal.

Vanquished Creatures
  A bullfrog (D:5)
  An iguana (D:6)
  An orc wizard (D:3)
  A worker ant zombie (D:6)
  3 adders (D:2)
  A worm (D:3)
  A leopard gecko (D:2)
  4 orcs (D:3)
  A bat (D:1)
  2 giant cockroaches
  7 goblins
  4 hobgoblins (D:1)
  3 jackals (D:3)
  A quokka (D:3)
  A ball python (D:2)
  2 kobolds
  A rat (D:1)
35 creatures vanquished.

Notes
Turn   | Place    | Note
-------+----------+-------------------------------------------
     0 | D:1      | EnegeticOcto the Vine Stalker Earth Elementalist began the
                  | quest for the Orb.
     0 | D:1      | Reached XP level 1. HP: 9/9 MP: 4/4
    94 | D:1      | Found a sparkling altar of Nemelex Xobeh.
   124 | D:2      | Reached XP level 2. HP: 3/13 MP: 0/6
   230 | D:1      | Learned a level 2 spell: Passwall
   275 | D:1      | Reached XP level 3. HP: 10/17 MP: 3/7
   331 | D:1      | Learned a level 3 spell: Stone Arrow
   387 | D:2      | Reached skill level 1 in Fighting
   506 | D:3      | Gained mutation: Your natural rate of healing is unusually
                  | fast. [Vine Stalker growth]
   506 | D:3      | Reached XP level 4. HP: 13/22 MP: 4/8
   526 | D:3      | Reached skill level 4 in Earth Magic
   627 | D:5      | Entered Level 5 of the Dungeon
   650 | D:5      | Found a basalt altar of Yredelemnul.
   663 | D:6      | Noticed a bullfrog
   667 | D:5      | Killed a bullfrog
   667 | D:5      | Reached skill level 5 in Earth Magic
   667 | D:5      | Reached XP level 5. HP: 16/25 MP: 3/9
   681 | D:5      | You fall into a shaft and drop 1 floor!
   723 | D:6      | Slain by an adder

Levels and vault maps discovered:
D:1:      sevenhm_arrival_forest_fort_small_3, layout_basic,
          nemelex_xobeh_ov_fountains_minmay
D:2:      cheibrodos_old_hovel, layout_loops_corners,
          nicolae_overflow_crystal_walls, nicolae_qazlal_style_of_elements,
          first_ration
D:3:      layout_loops_ring, minmay_misc_feat_chi
D:4:      minmay_recursive_quarters, layout_loops_cross
D:5:      layout_basic, kiku_gazebo_garden_becter, yredelemnul_altar_generic,
          marbit_many_paths, kennysheep_okawaru_gauntlet, serial_shops,
          shop_statue
D:6:      layout_cave_pools, lightli_temple_of_fire,
          minmay_temple_entry_stoned_glass, serial_gnoll_camp,
          gnoll_camp_mini_loothouse, gnoll_camp_mini_hut,
          gnoll_camp_mini_doghouse, gnoll_camp_huts_basic, gnoll_camp_mini_hut,
          gnoll_camp_mini_hut, minivault_19, sigmund_army

Skill      XL: |  1  2  3  4 |
---------------+-------------+-----
Stealth        | 3 4 |  4.0
Fighting       | 1 |  1.0
Earth Magic    | 5 |  5.5
Dodging        | |  1.5
Spellcasting   | |  2.1
Transmutations | |  1.0

Action                   |  1- 3 |  4- 6 || total
-------------------------+-------+-------++-------
Melee: Unarmed           |    34 |       ||    34
       Bite              |    10 |     4 ||    14
       Dagger            |    13 |    11 ||    24
 Cast: Sandblast         |    23 |    15 ||    38
  Use: Potion            |     2 |     2 ||     4
       Scroll            |       |     2 ||     2
 Stab: Sleeping          |     1 |     2 ||     3
Armor: Robe              |    13 |     3 ||    16
Dodge: Dodged            |    30 |    14 ||    44
